| TOP OF THE 1ST |
|
Jackson Generals batting - Pitching for Corpus Christi Hooks : RHP Muckle Wildriver
|
|
Pitching: RHP Muckle Wildriver
|
|
|
Batting: RHB Tomokazu Sugimoto
|
0-0: Called Strike 0-1: Ground out 5-3 (Groundball, 5, EV 80.6 MPH)
|
|
Batting: RHB Ryan Criollo
|
0-0: SINGLE (Groundball, 56D, EV 98.8 MPH)
|
|
Batting: RHB Julian Gregory
|
0-0: Ball 1-0: Called Strike Ryan Criollo steals 2nd base 1-1: Fly out, F9 (Flyball, 89S, EV 88.8 MPH)
|
|
Batting: RHB Mike Conaway
|
0-0: Called Strike 0-1: Called Strike 0-2: Ball 1-2: Fly out, F7 (Flyball, 7, EV 87.5 MPH)
|
| Top of the 1st over - 0 runs, 1 hit, 0 errors, 1 left on base; Jackson 0 - Corpus Christi 0 |
| BOTTOM OF THE 1ST |
|
Corpus Christi Hooks batting - Pitching for Jackson Generals : LHP Andy Mathis
|
|
Pitching: LHP Andy Mathis
|
|
|
Batting: RHB Ben Hoffman
|
0-0: Swinging Strike 0-1: Ball 1-1: Ball 2-1: Ball 3-1: Base on Balls
|
|
Batting: LHB Bob Dietz
|
0-0: Called Strike 0-1: SINGLE (Groundball, 6S, EV 65.6 MPH) (infield hit) Ben Hoffman to second
|
|
Batting: RHB Mark Cahill
|
0-0: Ball Ben Hoffman steals 3rd base Bob Dietz to second 1-0: SINGLE (Groundball, 56S, EV 85.0 MPH) (infield hit) Ben Hoffman scores Bob Dietz to third
|
|
Batting: RHB Bruce Bermudez
|
0-0: Ball 1-0: Called Strike 1-1: Ball 2-1: Called Strike Mark Cahill steals 2nd, throwing error, E2 Bob Dietz scores Mark Cahill to third 2-2: Strikes out looking
|
|
Batting: LHB Mark Dearth
|
0-0: Swinging Strike 0-1: Ball 1-1: Foul Ball, location: 2F 1-2: Strikes out looking
|
|
Batting: LHB Josh Corkery
|
0-0: Called Strike 0-1: Ground out 4-3 (Groundball, 34D, EV 104.4 MPH)
|
| Bottom of the 1st over - 2 runs, 2 hits, 1 error, 1 left on base; Jackson 0 - Corpus Christi 2 |
| TOP OF THE 2ND |
|
Jackson Generals batting - Pitching for Corpus Christi Hooks : RHP Muckle Wildriver
|
|
Batting: RHB Hideo Okimura
|
0-0: Ball 1-0: SINGLE (Groundball, 56D, EV 106.2 MPH) (infield hit)
|
|
Batting: SHB Brendan Bundy
|
0-0: Ball 1-0: Foul Ball, location: 2F 1-1: Swinging Strike 1-2: Foul Ball, location: 2F 1-2: Fly out, F9 (Flyball, 9, EV 79.4 MPH)
|
|
Batting: LHB Brent Dutcher
|
0-0: Swinging Strike 0-1: Swinging Strike 0-2: Strikes out looking
|
|
Batting: RHB Victor Rosas
|
0-0: Ball 1-0: Foul Ball, location: 2F 1-1: Fielders Choice at 2nd, 6-4 (Groundball, 6, EV 83.1 MPH)
|
| Top of the 2nd over - 0 runs, 1 hit, 0 errors, 1 left on base; Jackson 0 - Corpus Christi 2 |
| BOTTOM OF THE 2ND |
|
Corpus Christi Hooks batting - Pitching for Jackson Generals : LHP Andy Mathis
|
|
Batting: LHB Josh Birkner
|
0-0: Ball 1-0: Foul Ball, location: 2F 1-1: Ground out 6-3 (Groundball, 4, EV 90.0 MPH)
|
|
Batting: RHB Masaru Konno
|
0-0: Ball 1-0: Ball 2-0: DOUBLE (Line Drive, 9LS, EV 101.2 MPH)
|
|
Batting: RHB Ben Minge
|
0-0: Called Strike 0-1: Ball Masaru Konno steals 3rd base 1-1: Ball 2-1: Called Strike 2-2: Ground out 3-1 (Groundball, 34, EV 86.9 MPH) Masaru Konno scores
|
|
Batting: RHB Ben Hoffman
|
0-0: Ball 1-0: Foul Ball, location: 2F 1-1: Swinging Strike 1-2: Ball 2-2: Ground out 6-3 (Groundball, 6S, EV 61.9 MPH)
|
| Bottom of the 2nd over - 1 run, 1 hit, 0 errors, 0 left on base; Jackson 0 - Corpus Christi 3 |
| TOP OF THE 3RD |
|
Jackson Generals batting - Pitching for Corpus Christi Hooks : RHP Muckle Wildriver
|
|
Batting: RHB Egidius Kruger
|
0-0: Called Strike 0-1: Swinging Strike 0-2: Ball 1-2: Strikes out swinging
|
|
Batting: RHB Tomokazu Sugimoto
|
0-0: Called Strike 0-1: Foul Ball, location: 2F 0-2: Strikes out swinging
|
|
Batting: RHB Ryan Criollo
|
0-0: SINGLE (Line Drive, 4MD, EV 96.2 MPH)
|
|
Batting: RHB Julian Gregory
|
0-0: Ball 1-0: Swinging Strike 1-1: Called Strike 1-2: Strikes out looking
|
| Top of the 3rd over - 0 runs, 1 hit, 0 errors, 1 left on base; Jackson 0 - Corpus Christi 3 |
| BOTTOM OF THE 3RD |
|
Corpus Christi Hooks batting - Pitching for Jackson Generals : LHP Andy Mathis
|
|
Batting: LHB Bob Dietz
|
0-0: Ball 1-0: Ball 2-0: Called Strike 2-1: Foul Ball, location: 2F 2-2: Fly out, F8 (Flyball, 8RM, EV 91.2 MPH)
|
|
Batting: RHB Mark Cahill
|
0-0: Ball 1-0: Ball 2-0: Ball 3-0: Base on Balls
|
|
Batting: RHB Bruce Bermudez
|
0-0: Ball Mark Cahill steals 2nd base 1-0: Ground out 6-3 (Groundball, 56, EV 106.2 MPH)
|
|
Batting: LHB Mark Dearth
|
0-0: Ball 1-0: Swinging Strike 1-1: SINGLE (Groundball, 34S, EV 71.2 MPH) (infield hit) Mark Cahill to third
|
|
Batting: LHB Josh Corkery
|
0-0: Ball 1-0: Ball 2-0: Foul Ball, location: 2F 2-1: Ball 3-1: DOUBLE (Line Drive, 9LM, EV 106.9 MPH) Mark Cahill scores Mark Dearth to third Runner from 3rd tries for Home, SAFE, no throw by RF
|
|
Pitching: RHP Adam Fair
|
|
|
Batting: LHB Josh Birkner
|
0-0: Ball 1-0: Called Strike 1-1: Foul Ball, location: 2F 1-2: 2-RUN HOME RUN (Flyball, 89XD, EV 97.5 MPH), Distance : 399 ft
|
|
Batting: RHB Masaru Konno
|
0-0: Ball 1-0: Fly out, F4 (Popup, 4, EV 58.1 MPH)
|
| Bottom of the 3rd over - 4 runs, 3 hits, 0 errors, 0 left on base; Jackson 0 - Corpus Christi 7 |
| TOP OF THE 4TH |
|
Jackson Generals batting - Pitching for Corpus Christi Hooks : RHP Muckle Wildriver
|
|
Batting: RHB Mike Conaway
|
0-0: Ball 1-0: Foul Ball, location: 2F 1-1: Foul Ball, location: 2F 1-2: Ball 2-2: Ball 3-2: Foul Ball, location: 2F 3-2: Base on Balls
|
|
Batting: RHB Hideo Okimura
|
0-0: Ball Mike Conaway steals 2nd base 1-0: Ball 2-0: Ball 3-0: Base on Balls
|
|
Batting: SHB Brendan Bundy
|
0-0: Foul Ball, location: 2F 0-1: Ball 1-1: Foul Ball, location: 2F 1-2: Foul Ball, location: 2F 1-2: Ball 2-2: Ball 3-2: Fly out, F5 (Popup, 5F, EV 81.2 MPH)
|
|
Batting: LHB Brent Dutcher
|
0-0: Called Strike 0-1: Fielders Choice at 2nd, 4-6 (Groundball, 34D, EV 104.4 MPH) Mike Conaway to third
|
|
Batting: RHB Victor Rosas
|
0-0: Called Strike 0-1: Foul Ball, location: 2F 0-2: Foul Ball, location: 2F 0-2: Foul Ball, location: 2F 0-2: Fielders Choice at 2nd, U6 (Groundball, 6M, EV 83.8 MPH)
|
| Top of the 4th over - 0 runs, 0 hits, 0 errors, 2 left on base; Jackson 0 - Corpus Christi 7 |
| BOTTOM OF THE 4TH |
|
Corpus Christi Hooks batting - Pitching for Jackson Generals : RHP Adam Fair
|
|
Batting: RHB Ben Minge
|
0-0: Ball 1-0: Fly out, F8 (Flyball, 8RXD, EV 91.9 MPH)
|
|
Batting: RHB Ben Hoffman
|
0-0: Foul Ball, location: 2F 0-1: Swinging Strike 0-2: Strikes out swinging
|
|
Batting: LHB Bob Dietz
|
0-0: SINGLE (Flyball, 3D, EV 88.1 MPH)
|
|
Batting: RHB Mark Cahill
|
0-0: Ball 1-0: Foul Ball, location: 2F 1-1: Foul Ball, location: 2F 1-2: Ball 2-2: Fly out, F7 (Flyball, 7D, EV 77.5 MPH)
|
| Bottom of the 4th over - 0 runs, 1 hit, 0 errors, 1 left on base; Jackson 0 - Corpus Christi 7 |
| TOP OF THE 5TH |
|
Jackson Generals batting - Pitching for Corpus Christi Hooks : RHP Muckle Wildriver
|
|
Batting: RHB Egidius Kruger
|
0-0: Ball 1-0: Called Strike 1-1: Called Strike 1-2: Fly out, F6 (Popup, 6S, EV 78.8 MPH)
|
|
Batting: RHB Tomokazu Sugimoto
|
0-0: Foul Ball, location: 2F 0-1: Swinging Strike 0-2: Ball 1-2: Ball 2-2: Ground out 6-3 (Groundball, 6, EV 99.4 MPH)
|
|
Batting: RHB Ryan Criollo
|
0-0: Ball 1-0: Ball 2-0: Ball 3-0: Called Strike 3-1: Base on Balls
|
|
Batting: RHB Julian Gregory
|
0-0: Ball 1-0: Ball 2-0: Ball 3-0: Base on Balls Ryan Criollo to second
|
|
Batting: RHB Mike Conaway
|
0-0: Foul Ball, location: 2F 0-1: SINGLE (Line Drive, 7LS, EV 101.2 MPH) Ryan Criollo to third Julian Gregory to second Runner from 3rd tries for Home, SAFE, throw by LF to home
|
|
Batting: RHB Hideo Okimura
|
0-0: Ball 1-0: Foul Ball, location: 2F 1-1: Ball 2-1: Ball 3-1: Called Strike 3-2: Foul Ball, location: 2F 3-2: Fly out, F7 (Line Drive, 7, EV 92.5 MPH)
|
| Top of the 5th over - 1 run, 1 hit, 0 errors, 2 left on base; Jackson 1 - Corpus Christi 7 |
| BOTTOM OF THE 5TH |
|
Corpus Christi Hooks batting - Pitching for Jackson Generals : RHP Adam Fair
|
|
Batting: RHB Bruce Bermudez
|
0-0: Ball 1-0: Foul Ball, location: 2F 1-1: Called Strike 1-2: Ball 2-2: Ball 3-2: Strikes out swinging
|
|
Batting: LHB Mark Dearth
|
0-0: Called Strike 0-1: Ball 1-1: Swinging Strike 1-2: Strikes out swinging
|
|
Batting: LHB Josh Corkery
|
0-0: Ball 1-0: Swinging Strike 1-1: Ball 2-1: Ball 3-1: Base on Balls
|
|
Batting: LHB Josh Birkner
|
0-0: Called Strike Josh Corkery is caught stealing 2nd base 2-6
|
| Bottom of the 5th over - 0 runs, 0 hits, 0 errors, 0 left on base; Jackson 1 - Corpus Christi 7 |
| TOP OF THE 6TH |
|
Jackson Generals batting - Pitching for Corpus Christi Hooks : RHP Muckle Wildriver
|
|
Batting: SHB Brendan Bundy
|
0-0: Ball 1-0: Ball 2-0: Foul Ball, location: 2F 2-1: Foul Ball, location: 2F 2-2: Ground out 6-3 (Groundball, 6S, EV 93.1 MPH)
|
|
Pitching: RHP Tommy Cunningham
|
|
|
Batting: LHB Brent Dutcher
|
0-0: Ball 1-0: Ball 2-0: Called Strike 2-1: Swinging Strike 2-2: Foul Ball, location: 2F 2-2: SINGLE (Groundball, 56S, EV 67.5 MPH) (infield hit)
|
|
Batting: RHB Victor Rosas
|
0-0: Ball Brent Dutcher steals 2nd base 1-0: Swinging Strike 1-1: Foul Ball, location: 2F 1-2: Ball 2-2: Foul Ball, location: 2F 2-2: Ball 3-2: Strikes out swinging
|
|
Batting: RHB Egidius Kruger
|
0-0: SINGLE (Groundball, 56, EV 109.4 MPH) Brent Dutcher to third Runner from 3rd tries for Home, SAFE, throw by LF to home
|
|
Batting: RHB Tomokazu Sugimoto
|
0-0: Ball 1-0: Called Strike Egidius Kruger steals 2nd base 1-1: Foul Ball, location: 2F 1-2: Foul Ball, location: 2F 1-2: Foul Ball, location: 2F 1-2: Ball 2-2: Fly out, F7 (Flyball, 7, EV 83.1 MPH)
|
| Top of the 6th over - 1 run, 2 hits, 0 errors, 1 left on base; Jackson 2 - Corpus Christi 7 |
| BOTTOM OF THE 6TH |
|
Corpus Christi Hooks batting - Pitching for Jackson Generals : RHP Adam Fair
|
|
Batting: LHB Josh Birkner
|
0-0: Called Strike 0-1: Ball 1-1: Ball 2-1: Called Strike 2-2: Strikes out looking
|
|
Batting: RHB Masaru Konno
|
0-0: Called Strike 0-1: Swinging Strike 0-2: Ball 1-2: Ball 2-2: Strikes out swinging
|
|
Batting: RHB Ben Minge
|
0-0: Ball 1-0: Ball 2-0: Foul Ball, location: 2F 2-1: Foul Ball, location: 2F 2-2: Foul Ball, location: 2F 2-2: Strikes out swinging
|
| Bottom of the 6th over - 0 runs, 0 hits, 0 errors, 0 left on base; Jackson 2 - Corpus Christi 7 |
| TOP OF THE 7TH |
|
Jackson Generals batting - Pitching for Corpus Christi Hooks : RHP Tommy Cunningham
|
|
Batting: RHB Ryan Criollo
|
0-0: TRIPLE (Line Drive, 8LXD, EV 96.9 MPH)
|
|
Batting: RHB Julian Gregory
|
0-0: Ball 1-0: Ground out 6-3 (Groundball, 6, EV 103.1 MPH) Ryan Criollo scores
|
|
Batting: RHB Mike Conaway
|
0-0: Called Strike 0-1: Ball 1-1: Ball 2-1: Ball 3-1: Swinging Strike 3-2: Fly out, F4 (Popup, 34S, EV 68.8 MPH)
|
|
Batting: RHB Hideo Okimura
|
0-0: SINGLE (Line Drive, 7S, EV 91.9 MPH)
|
|
Batting: SHB Brendan Bundy
|
0-0: Called Strike 0-1: Ball 1-1: Ball 2-1: Ball 3-1: Base on Balls Hideo Okimura to second
|
|
Pitching: RHP Manny Bonilla
|
|
|
Batting: LHB Brent Dutcher
|
0-0: Ball 1-0: Foul Ball, location: 2F 1-1: Ground out 4-3 (Groundball, 4, EV 106.9 MPH)
|
| Top of the 7th over - 1 run, 2 hits, 0 errors, 2 left on base; Jackson 3 - Corpus Christi 7 |
| BOTTOM OF THE 7TH |
|
Corpus Christi Hooks batting - Pitching for Jackson Generals : RHP Adam Fair
|
|
Pitching: RHP Raul Lopez
|
|
|
Batting: RHB Ben Hoffman
|
0-0: Foul Ball, location: 2F 0-1: Ball 1-1: Ball 2-1: Ball 3-1: Base on Balls
|
|
Batting: LHB Bob Dietz
|
0-0: Called Strike 0-1: Ball 1-1: Foul Ball, location: 2F 1-2: Ball 2-2: Ball 3-2: Foul Ball, location: 2F 3-2: Foul Ball, location: 2F 3-2: Foul Ball, location: 2F 3-2: Foul Ball, location: 2F 3-2: Fielders Choice at 2nd, 1-6 (Groundball, 13, EV 62.5 MPH)
|
|
Batting: RHB Mark Cahill
|
0-0: Fielders Choice at 2nd, 5-4 (Groundball, 15, EV 91.9 MPH)
|
|
Batting: RHB Bruce Bermudez
|
0-0: Fly out, F9 (Flyball, 89M, EV 96.9 MPH)
|
| Bottom of the 7th over - 0 runs, 0 hits, 0 errors, 1 left on base; Jackson 3 - Corpus Christi 7 |
| TOP OF THE 8TH |
|
Jackson Generals batting - Pitching for Corpus Christi Hooks : RHP Manny Bonilla
|
|
Batting: RHB Victor Rosas
|
0-0: Ball 1-0: Foul Ball, location: 2F 1-1: Ground out 6-3 (Groundball, 6, EV 108.1 MPH)
|
|
Batting: RHB Egidius Kruger
|
0-0: Ball 1-0: Called Strike 1-1: Called Strike 1-2: Ball 2-2: Ground out 4-3 (Groundball, 4M, EV 91.9 MPH)
|
|
Batting: RHB Tomokazu Sugimoto
|
0-0: Ball 1-0: Ball 2-0: Ball 3-0: Base on Balls
|
|
Batting: RHB Ryan Criollo
|
0-0: Ball 1-0: Ball 2-0: Foul Ball, location: 2F 2-1: Ground out U3 (Groundball, 3L, EV 107.5 MPH)
|
| Top of the 8th over - 0 runs, 0 hits, 0 errors, 1 left on base; Jackson 3 - Corpus Christi 7 |
| BOTTOM OF THE 8TH |
|
Corpus Christi Hooks batting - Pitching for Jackson Generals : RHP Raul Lopez
|
|
Pitching: RHP Kieran Easton
|
|
|
Batting: LHB Mark Dearth
|
0-0: Foul Ball, location: 2F 0-1: Swinging Strike 0-2: Ball 1-2: Strikes out swinging
|
|
Batting: LHB Josh Corkery
|
0-0: Ball 1-0: Ground out 5-3 (Groundball, 56, EV 111.2 MPH)
|
|
Batting: LHB Josh Birkner
|
0-0: Ball 1-0: SINGLE (Groundball, 34D, EV 102.5 MPH)
|
|
Batting: RHB Masaru Konno
|
Pickoff Throw to First - Out! 1-3 CS
|
| Bottom of the 8th over - 0 runs, 1 hit, 0 errors, 0 left on base; Jackson 3 - Corpus Christi 7 |
| TOP OF THE 9TH |
|
Jackson Generals batting - Pitching for Corpus Christi Hooks : RHP Manny Bonilla
|
|
Pitching: LHP Miguel Yepez
|
|
|
Batting: RHB Julian Gregory
|
0-0: Called Strike 0-1: Ball 1-1: Swinging Strike 1-2: Ball 2-2: Foul Ball, location: 2F 2-2: Strikes out swinging
|
|
Batting: RHB Mike Conaway
|
0-0: Called Strike 0-1: Swinging Strike 0-2: Ball 1-2: DOUBLE (Flyball, 78D, EV 86.2 MPH)
|
|
Batting: RHB Hideo Okimura
|
0-0: Called Strike 0-1: Fly out, F5 (Line Drive, 5L, EV 63.1 MPH)
|
|
Batting: SHB Brendan Bundy
|
0-0: Fly out, F3 (Popup, 3SF, EV 81.2 MPH)
|
| Top of the 9th over - 0 runs, 1 hit, 0 errors, 1 left on base; Jackson 3 - Corpus Christi 7 |
|